 Dungeon Crawl Stone Soup version 0.31-a0-960-g0fca184906 (webtiles) character file.

Game seed: 16473251186799492289

16946 mdonais the Destroyer (level 12, 0/81 HPs)
             Began as an Octopode Wanderer on Oct 23, 2023.
             Was a High Priest of Vehumet.
             Slain by a wolf spider (20 damage)
             ... on level 2 of the Lair of Beasts.
             The game lasted 01:06:03 (12418 turns).

mdonais the Destroyer (Octopode Wanderer)          Turns: 12418, Time: 01:06:04

Health: 0/81       AC: 10    Str: 12    XL:     12   Next: 42%
Magic:  3/22       EV: 13    Int: 26    God:    Vehumet [*****.]
Gold:   186        SH: 13    Dex: 13    Spells: 7/25 levels left

rFire   + + +        e - +3 Elemental Staff {ele, rElec rF+ rC+ AC+3}
rCold   + + .        i - +3 kite shield {rPois}
rNeg    . . .        r - +2 hat
rPois   +            q - amulet of magic regeneration
rElec   +            h - ring of wizardry
rCorr   .            a - ring "Debliz" {Drain +Blink rF+++ AC+4 Int+3}
SInv    .            k - +6 ring of intelligence
Will    .....        c - ring of protection from cold
Stlth   ++++         (no ring)
HPRegen 0.33/turn    (no ring)
MPRegen 0.58/turn    (no ring)
                     (no ring)

%: wizardry (x1)
@: about to teleport
A: almost no armour, amphibious, 8 rings, camouflage 1, gelatinous body 1,
(nimble swimmer 1), tentacles
a: Renounce Religion, Evoke Blink


You were on level 2 of the Lair of Beasts.
You worshipped Vehumet.
Vehumet was extremely pleased with you.
You visited 3 branches of the dungeon, and saw 13 of its levels.
You also visited: Bailey and Ice Cave.

You collected 1524 gold pieces.
You spent 1338 gold pieces at shops.

Inventory:

Hand Weapons
 d - a +2 rapier of freezing
   (You found it in an ice cave)
 e - the +3 Elemental Staff (weapon) {ele, rElec rF+ rC+ AC+3}
   (You acquired it on level 10 of the Dungeon)

   AC+3:      It affects your AC (+3).
   rF+:       It protects you from fire.
   rC+:       It protects you from cold.
   rElec:     It insulates you from electricity.
 D - the +2 war axe of Eviu {freeze, rN+ Dex+2}
   (You found it on level 5 of the Dungeon)

   Dex+2:     It affects your dexterity (+2).
   rN+:       It protects you from negative energy.
Missiles
 t - 23 boomerangs
 v - 6 javelins
 F - a curare-tipped dart
 Z - 2 throwing nets {=!f}
Armour
 i - a +3 kite shield of poison resistance (worn)
   (You acquired it on level 10 of the Dungeon)
 r - a +2 hat (worn)
   (You found it on level 1 of the Lair of Beasts)
Jewellery
 a - the ring "Debliz" (right tentacle) {Drain +Blink rF+++ AC+4 Int+3}
   (You bought it in a shop on level 6 of the Dungeon)

   [ring of protection]

   AC+4:      It affects your AC (+4).
   Int+3:     It affects your intelligence (+3).
   rF+++:     It renders you almost immune to fire.
   +Blink:    It lets you blink.
   Drain:     It drains your maximum health when unequipped.
 c - a ring of protection from cold (on tentacle)
   (You took it off a reaper in an ice cave)
 h - a ring of wizardry (left tentacle)
   (You found it on level 9 of the Dungeon)
 k - a +6 ring of intelligence (on tentacle)
   (You bought it in a shop on level 6 of the Dungeon)
 q - an amulet of magic regeneration (around mantle)
   (You found it on level 2 of the Dungeon)
Talismans
 C - a beast talisman
   (You found it on level 5 of the Dungeon)
Wands
 l - a wand of mindburst (2)
   (You found it on level 1 of the Lair of Beasts)
 x - a wand of roots (8)
   (You found it on level 4 of the Dungeon)
 y - a wand of polymorph (34)
   (You found it on level 4 of the Dungeon)
 L - a wand of quicksilver (13)
   (You found it on level 7 of the Dungeon)
 O - a wand of charming (9)
   (You took it off an orc on level 8 of the Dungeon)
 V - a wand of flame (3)
Scrolls
 b - 2 scrolls of poison
 f - 2 scrolls of fog {unknown}
 g - a scroll of immolation
 m - 4 scrolls of vulnerability
 s - a scroll of enchant weapon {unknown}
 u - a scroll of amnesia {unknown}
 w - 2 scrolls of noise {unknown}
 G - a scroll of butterflies {unknown}
 I - 2 scrolls of torment {unknown}
 J - 2 scrolls of fear
 M - 2 scrolls of blinking {unknown}
 P - a scroll of silence {unknown}
 T - 6 scrolls of teleportation
Potions
 j - 2 potions of lignification
 n - 2 potions of attraction {unknown}
 o - 4 potions of enlightenment
 p - a potion of invisibility
 z - a potion of cancellation {unknown}
 A - 2 potions of brilliance {unknown}
 B - 2 potions of heal wounds {unknown}
 E - 4 potions of magic {unknown}
 H - a potion of haste
 Q - 3 potions of curing


   Skills:
 + Level 7.0 Fighting
 - Level 3.0(3.7) Polearms
 - Level 3.4(4.0) Staves
 + Level 6.0 Dodging
 - Level 5.0 Stealth
 + Level 8.0 Shields
 + Level 7.0 Spellcasting
 - Level 9.0 Conjurations
 - Level 4.0 Translocations
 - Level 8.0 Fire Magic
 - Level 5.0 Evocations


You had 7 spell levels left.
You knew the following spells:

 Your Spells              Type           Power      Damage    Failure   Level
a - Foxfire               Conj/Fire      100%       2x1d9     1%          1
b - Scorch                Fire           100%       2d9       1%          2
c - Fireball              Conj/Fire      34%        3d14      1%          5
d - Flame Wave            Conj/Fire      68%        2d15      1%          4
e - Volatile Blastmotes   Fire/Tloc      100%       2d18      1%          3
f - Stone Arrow           Conj/Erth      96%        3d13      1%          3

Your spell library contained the following spells:

 Spells                   Type           Power      Damage    Failure   Level
 Irradiate                Conj/Tmut      16%        3d17      9%          5
 Hailstorm                Conj/Ice       48%        3d11      1%          3
 Sticky Flame             Conj/Fire      68%        2d8       1%          4
 Sandblast                Erth           26%        2d8       2%          1
 Brom's Barrelling Bould  Conj/Erth      48%        2d7       3%          4
 Passwall                 Tmut/Erth      10%        N/A       11%         2
 Sublimation of Blood     Necr           9%         N/A       11%         2
 Wereblood                Tmut           9%         N/A       11%         2
 Summon Guardian Golem    Hex/Summ       9%         N/A       21%         3
 Orb of Destruction       Conj           27%        9d9       34%         7
 Bombard                  Conj/Erth      24%        9d5       38%         6
 Lee's Rapid Deconstruct  Erth           6%         3d6*      41%         5
 Leda's Liquefaction      Hex/Erth       6%         N/A       54%         4
 Summon Ice Beast         Ice/Summ       13%        N/A       54%         4
 Spellforged Servitor     Conj/Summ      16%        N/A       86%         7
 Simulacrum               Ice/Necr       6%         N/A       100%        6
 Summon Cactus Giant      Summ           4%         N/A       100%        6
 Summon Hydra             Summ           4%         N/A       100%        7


Dungeon Overview and Level Annotations

Branches:
Dungeon (10/15) Zot: 26177  Temple (1/1) D:6 Zot: 5996    Lair (2/5) D:8 Zot: 10966
 Spider (0/4) Lair:2          Orc (0/2) D:10         Bailey (visited)
  IceCv (visited)
  Swamp: Lair:2-3    Shoals: Lair:2-3

Altars:
Ashenzari
Cheibriados
Dithmenos
Elyvilon
Fedhas
Gozag
Hepliaklqana
Kikubaaqudgha
Makhleb
Nemelex Xobeh
Okawaru
Qazlal
Ru
Sif Muna
Trog
Uskayaw
Vehumet
Wu Jian
Xom
Yredelemnul
Zin
The Shining One

Shops:
D:6 =

Annotations:
D:9 scroll dig
D:10 exclusion: occultist


Innate Abilities, Weirdness & Mutations

You cannot wear most types of armour.
You are amphibious.
You can wear up to eight rings at the same time.
Your skin changes colour to match your surroundings (Stealth+).
Your rubbery body absorbs attacks. (AC +1, EV +1)
((You are camouflaged when in or above water. (Stealth+)))
You have tentacles for arms and can constrict up to eight enemies at once.


Message History

A wave of flame ripples out!
The flame wave engulfs the blink frog!
The blink frog is almost dead.
The flame wave engulfs the blink frog!!
The blink frog is severely wounded.
You finish channelling waves of flame.
You hear a howl! x2
You block the blink frog's attack.
A wolf comes into view.
You now have 8/22 mp.
Casting: Flame Wave (mildly dangerous; 1% risk of failure)
Confirm with . or Enter, or press ? or * to list all spells.
Casting: Flame Wave (mildly dangerous; 1% risk of failure)
Press: ? - help, Dir - look around, f - activate You feel a surge of power!
A wave of flame ripples out!
The flame wave engulfs the blink frog!
You kill the blink frog!
Vehumet accepts your kill.
You feel your power returning. (Press . to intensify the flame waves.)
The blink frog is no longer more vulnerable to fire.
The blink frog blinks!
A wave of flame ripples out!
You hear a howl!
The blink frog blinks!
A wolf comes into view.
A wave of flame ripples out!
The flame wave engulfs the wolf!!
You kill the wolf!
Vehumet accepts your kill.
You feel your power returning.
The flame wave engulfs the blink frog!
The blink frog is severely wounded.
The flame wave engulfs the blink frog!
The blink frog is heavily wounded.
The blink frog blinks!
The blink frog hits you!
A wolf comes into view.
You take 14 damage, and have 48/81 hp.
A wave of flame ripples out!
The flame wave engulfs the blink frog!
The blink frog is almost dead.
The flame wave engulfs the blink frog!
The blink frog is severely wounded.
The flame wave engulfs the wolf!
The wolf is heavily wounded.
You finish channelling waves of flame.
The blink frog hits you! The blink frog closely misses you.
You take 7 damage, and have 41/81 hp.
Casting: Flame Wave (mildly dangerous; 1% risk of failure)
Confirm with . or Enter, or press ? or * to list all spells.
Casting: Flame Wave (mildly dangerous; 1% risk of failure)
Press: ? - help, Dir - look around, f - activate You feel a surge of power!
A wave of flame ripples out!
The flame wave engulfs the blink frog!
You kill the blink frog!
Vehumet accepts your kill.
The flame wave engulfs the wolf!
You kill the wolf!
Vehumet accepts your kill.
You feel your power returning.
The flame wave engulfs the blink frog!
You kill the blink frog!
Vehumet accepts your kill.
Vehumet offers you knowledge of Irradiate.
You feel your power returning. (Press . to intensify the flame waves.)
You hear a howl!
A wolf spider comes into view.
Training target 9.0 for Conjurations reached!
Your Conjurations skill increases to level 9!
You need to enable at least one skill for training.
You now have 6/22 mp.
Casting: Flame Wave (mildly dangerous; 1% risk of failure)
Confirm with . or Enter, or press ? or * to list all spells.
You feel a surge of power!
You conjure some foxfire!
The wolf bites you.
You take 3 damage, and have 38/81 hp.
Casting: Foxfire (safe; 1% risk of failure)
Confirm with . or Enter, or press ? or * to list all spells.
Casting: Flame Wave (mildly dangerous; 1% risk of failure)
Press: ? - help, Dir - look around, f - activate You feel a surge of power!
A wave of flame ripples out!
The flame wave engulfs the wolf!
The wolf is severely wounded.
The flame wave engulfs your foxfire.
Your foxfire completely resists.
The flame wave engulfs your foxfire.
Your foxfire completely resists. (Press . to intensify the flame waves.)
The foxfire hits the blink frog!
The blink frog is almost dead.
The foxfire hits the wolf!
You kill the wolf!
Vehumet accepts your kill.
You feel your power returning.
A wolf comes into view.
The wolf closely misses you.
You now have 4/22 mp.
A wave of flame ripples out!
The flame wave engulfs the wolf!
The wolf is almost dead.
The flame wave engulfs the blink frog!!
You kill the blink frog!
Vehumet accepts your kill.
You hear a howl!
The wolf bites you but does no damage.
You now have 3/22 mp.
A wave of flame ripples out!
The flame wave engulfs the wolf!
You kill the wolf!
Vehumet accepts your kill.
You feel your power returning.
The flame wave engulfs the wolf spider!
The wolf spider is moderately wounded.
A wolf comes into view.
A wave of flame ripples out!
The flame wave engulfs the wolf spider!
The wolf spider is moderately wounded.
The flame wave engulfs the wolf.
The wolf is lightly wounded.
You finish channelling waves of flame.
You block the wolf spider's attack. The wolf spider bites you!
The wolf spider barely misses you. You block the wolf spider's attack.
You take 7 damage, and have 32/81 hp.
You now have 3/22 mp.
Casting: Flame Wave (mildly dangerous; 1% risk of failure)
Confirm with . or Enter, or press ? or * to list all spells.
You don't have enough magic to cast this spell.
Casting: Flame Wave (mildly dangerous; 1% risk of failure)
Confirm with . or Enter, or press ? or * to list all spells.
You feel a surge of power!
You conjure some foxfire!
A wolf comes into view.
The foxfire hits the wolf but does no damage.
The wolf is lightly wounded.
The wolf spider closely misses you. The wolf spider completely misses you.
Casting: Foxfire (safe; 1% risk of failure)
Confirm with . or Enter, or press ? or * to list all spells.
You feel a surge of power!
You conjure some foxfire!
The foxfire hits the wolf!
The wolf is heavily wounded.
The wolf spider hits you. You block the wolf spider's attack.
You block the wolf's attack. The wolf spider hits you.
The wolf spider bites you but does no damage.
You take 7 damage, and have 25/81 hp.
You now have 2/22 mp.
Casting: Foxfire (safe; 1% risk of failure)
Confirm with . or Enter, or press ? or * to list all spells.
You feel a surge of power!
You conjure some foxfire!
The foxfire hits the wolf but does no damage.
The wolf is heavily wounded.
The foxfire hits the wolf spider.
The wolf spider is moderately wounded.
You block the wolf's attack. You block the wolf spider's attack.
The wolf spider barely misses you.
The foxfire hits the wolf!
The wolf is moderately wounded.
The wolf bites you.
* * * LOW HITPOINT WARNING * * *
You take 5 damage, and have 20/81 hp.
As you read the scroll of teleportation, it crumbles to dust.
You feel strangely unstable.
The foxfire hits the wolf.
The wolf is heavily wounded.
The wolf spider hits you!!
You die...

....,,,#.....#####...P.##
P...,,,#.....P###.#.##..#
...,,,,,*...............#
*+#**+,*,.............PP#
*,**,,,,,..............##
,,,,,,,,,,.............#
,,,,,,,,,,.............#
,,,,,,,,,,..###§†.###..#
********,,,,#...@†...#.#*
*** **,,......shh...#..#
**,***,*,...#..........##
*,,,,,,,,.§..h..........#
**,,****,...........†..##
,**** *,,...#........#.#*
,,,,*****#.<............*
,,,,,,**,#.##..........**
,,,,,,,,,,,,,,,,,,,,,*,,**


You could see a wolf spider and 3 wolves.

Vanquished Creatures
  A reaper (IceCv)
  The ghost of retardedninja the Destroyer, a journeyman GrFE of Vehumet (Lair:1)
  2 two-headed ogres
  An ugly thing (IceCv)
  2 ice statues (IceCv)
  3 cane toads
  3 komodo dragons (Lair:1)
  A rime drake (Lair:1)
  5 ice devils (IceCv)
  A polar bear (Lair:1)
  5 blink frogs (Lair:2)
  Sigmund (D:3)
  6 yaks
  A wyvern (Lair:1)
  A basilisk (D:8)
  A death yak simulacrum (IceCv)
  A steam dragon (D:9)
  2 acid dragons
  7 water moccasins
  2 hydra simulacra (IceCv)
  An ice beast (D:6)
  9 orc warriors
  A sky beast (D:7)
  3 black bears
  16 wolves
  9 ogres
  4 centaurs
  2 kobold brigands
  2 phantoms
  Blork the orc (D:5)
  8 bullfrogs
  A gnoll sergeant (D:10)
  3 scorpions
  5 wights
  An elephant simulacrum (IceCv)
  2 howler monkeys
  A crimson imp (D:9)
  7 orc priests
  A jelly (D:5)
  5 hounds
  4 sleepcaps
  Terence (D:3)
  2 iguanas
  6 orc wizards
  5 troll simulacra (IceCv)
  2 spriggan simulacra (IceCv)
  2 polar bear simulacra (IceCv)
  2 wolf simulacra (IceCv)
  6 gnolls (D:10)
  3 naga simulacra (IceCv)
  7 adders
  3 shadow imps
  3 white imps
  4 ufetubi
  A worm (D:4)
  A dart slug (D:5)
  42 orcs
  5 endoplasms
  2 giant cockroaches (D:4)
  10 goblins
  5 hobgoblins
  3 jackals
  4 quokkas
  6 ball pythons
  2 bats
  5 frilled lizards
  30 kobolds
  6 rats
301 creatures vanquished.

Vanquished Creatures (collateral kills)
  7 foxfires
7 creatures vanquished.

Vanquished Creatures (others)
  986 foxfires
986 creatures vanquished.

Grand Total: 1294 creatures vanquished

Notes
Turn   | Place    | Note
-------+----------+-------------------------------------------
     0 | D:1      | mdonais the Octopode Wanderer began the quest for the Orb.
     0 | D:1      | mdonais set off with the following items: a +0 spear, a
                  | scroll of vulnerability, a wand of flame (3); and the
                  | following spell memorised: Foxfire; and the following
                  | spells available to memorise: Volatile Blastmotes, Sticky
                  | Flame.
     0 | D:1      | Reached XP level 1. HP: 11/11 MP: 3/3
   397 | D:1      | Reached XP level 2. HP: 17/17 MP: 1/5
  1029 | D:2      | Reached XP level 3. HP: 21/21 MP: 3/6
  1380 | D:2      | Found a faded altar of an unknown god.
  1394 | D:2      | Reached XP level 4. HP: 27/27 MP: 4/8
  1642 | D:2      | Learned a level 3 spell: Volatile Blastmotes
  1811 | D:3      | Noticed Terence
  2043 | D:3      | Reached skill level 1 in Fighting
  2263 | D:3      | Noticed Sigmund
  2700 | D:4      | Noticed a phantom
  2709 | D:4      | Killed a phantom
  2710 | D:4      | Reached XP level 5. HP: 34/34 MP: 5/9
  3087 | D:4      | Reached skill level 1 in Conjurations
  3087 | D:4      | Reached XP level 6. HP: 39/39 MP: 6/10
  3158 | D:4      | Learned a level 2 spell: Scorch
  3419 | D:5      | Entered Level 5 of the Dungeon
  3429 | D:5      | Reached skill level 1 in Translocations
  3550 | D:5      | Noticed Blork the orc
  3560 | D:5      | Killed Blork the orc
  3561 | D:5      | Reached XP level 7. HP: 25/45 MP: 1/12
  3701 | D:5      | Reached skill level 5 in Fire Magic
  3805 | D:5      | Reached skill level 2 in Conjurations
  4001 | D:5      | Reached skill level 1 in Dodging
  4014 | D:5      | Identified the +2 war axe of Eviu {freeze, rN+ Dex+2}
  4498 | D:6      | Reached XP level 8. HP: 52/52 MP: 7/14
  4563 | D:6      | Found a staircase to the Ecumenical Temple.
  4574 | Temple   | Entered the Ecumenical Temple
  4591 | D:6      | Found a radiant altar of Vehumet.
  4592 | D:6      | Found a hazy altar of Hepliaklqana.
  4601 | D:6      | Became a worshipper of Vehumet
  4764 | D:6      | Found a sacrificial altar of Ru.
  4902 | D:6      | Reached skill level 5 in Spellcasting
  4925 | D:6      | Reached skill level 3 in Conjurations
  4991 | D:6      | Found a snail-covered altar of Cheibriados.
  5081 | D:6      | Found Ihuuc's Jewellery Emporium.
  5507 | D:7      | Reached * piety under Vehumet
  5507 | D:7      | Offered knowledge of Freeze by Vehumet.
  5580 | D:7      | Found a shadowy altar of Dithmenos.
  5736 | D:7      | Reached XP level 9. HP: 57/57 MP: 14/16
  6651 | D:8      | Reached skill level 4 in Conjurations
  6656 | D:8      | Learned a level 4 spell: Flame Wave
  6779 | D:8      | Offered knowledge of Sandblast by Vehumet.
  6790 | D:8      | Reached ** piety under Vehumet
  6800 | D:8      | Found a staircase to the Lair.
  6807 | D:8      | Reached skill level 5 in Conjurations
  6901 | D:8      | Found an opulent altar of Gozag.
  7030 | D:8      | Noticed a two-headed ogre
  7043 | D:8      | Reached XP level 10. HP: 65/65 MP: 16/19
  7048 | D:8      | Killed a two-headed ogre
  7049 | D:8      | Reached skill level 5 in Fighting
  7049 | D:8      | Reached skill level 6 in Conjurations
  7328 | D:8      | Found an ancient bone altar of Kikubaaqudgha.
  7993 | D:3      | Killed Terence
  8075 | D:3      | Killed Sigmund
  8601 | D:9      | Noticed a two-headed ogre
  8614 | D:9      | Killed a two-headed ogre
  8995 | D:9      | Offered knowledge of Ignite Poison by Vehumet.
  9185 | D:10     | Entered Level 10 of the Dungeon
  9225 | D:10     | Identified 2 scrolls of acquirement
  9229 | D:10     | Acquired the +3 Elemental Staff {ele, rElec rF+ rC+ AC+3}
  9229 | D:10     | Found the +3 Elemental Staff {ele, rElec rF+ rC+ AC+3}
  9245 | D:10     | Acquired a +2 kite shield of poison resistance
  9286 | D:10     | Found a flagged portal.
  9292 | D:10     | Reached *** piety under Vehumet
  9305 | Bailey   | Entered a bailey
  9337 | Bailey   | Reached skill level 1 in Shields
  9539 | Bailey   | Offered knowledge of Stone Arrow by Vehumet.
  9549 | Bailey   | Learned a level 3 spell: Stone Arrow
  9589 | Bailey   | Reached XP level 11. HP: 72/72 MP: 19/21
  9816 | D:6      | Bought the ring "Debliz" {Drain +Blink rF+++ AC+4 Int+3}
                  | for 942 gold pieces
  9816 | D:6      | Bought a +6 ring of intelligence for 396 gold pieces
 10004 | D:10     | Found a hide-covered altar of Uskayaw.
 10005 | D:10     | Found a glowing silver altar of Zin.
 10057 | D:10     | Found a staircase to the Orcish Mines.
 10125 | D:10     | Noticed a purple ugly thing
 10125 | D:10     | Noticed a two-headed ogre
 10132 | D:10     | Noticed a deep elf pyromancer
 10145 | D:10     | Noticed an occultist
 10325 | D:13     | Identified the of Kefi
 10325 | Lair:1   | Entered Level 1 of the Lair of Beasts
 10329 | Lair:1   | Reached skill level 5 in Shields
 10330 | Lair:1   | Reached skill level 5 in Dodging
 10430 | Lair:1   | Reached skill level 7 in Conjurations
 10760 | Lair:1   | Found a runed translucent gate.
 10760 | Lair:1   | Found a runed translucent gate.
 10760 | Lair:1   | Found a runed translucent gate.
 10764 | Lair:1   | Noticed retardedninja's ghost (journeyman GrFE)
 10991 | Lair:1   | Reached skill level 1 in Staves
 10998 | Lair:1   | Reached **** piety under Vehumet
 11137 | Lair:1   | Killed retardedninja's ghost
 11138 | Lair:1   | Reached skill level 5 in Stealth
 11353 | Lair:2   | Found a frozen archway.
 11365 | IceCv    | Entered an ice cave
 11378 | IceCv    | Offered knowledge of Fireball by Vehumet.
 11385 | IceCv    | Learned a level 5 spell: Fireball
 11568 | IceCv    | Noticed a reaper
 11605 | IceCv    | Reached skill level 5 in Evocations
 11622 | IceCv    | Reached XP level 12. HP: 66/80 MP: 14/22
 12105 | IceCv    | Killed a reaper
 12106 | IceCv    | Reached skill level 8 in Conjurations
 12409 | Lair:2   | Reached ***** piety under Vehumet
 12409 | Lair:2   | Offered knowledge of Irradiate by Vehumet.
 12410 | Lair:2   | Reached skill level 9 in Conjurations
 12418 | Lair:2   | Slain by a wolf spider

Illustrated notes

Levels and vault maps discovered:
D:1:      zelgadis_glass_arrival_small, layout_loops_cross
D:2:      layout_rooms, hellmonk_ecumenical_altar_arch_garden
D:3:      layout_basic, lexackson_kobold_supper, uniq_sigmund, uniq_terence
D:4:      layout_basic
D:5:      layout_loops_cross, uniq_blork_the_orc
D:6:      layout_loops_cross, nicolae_ru_the_path_less_chosen,
          lemuel_round_altar, grunt_temple_overflow_open,
          minmay_temple_entry_mini_moons, kennysheep_diamond
D:7:      layout_basic, grunt_dithmenos_smoke, st_stairs_13
D:8:      layout_basic, mainiacjoe_overflow_alcove_4,
          mainiacjoe_overflow_alcove_2, due_lair_maze_entry_diamond
D:9:      lemuel_ogre_cave, layout_basic, minmay_fire_ice_demons
D:10:     layout_rooms, minitemple, enter_bailey_7,
          minmay_mirror_moons_of_madness
Temple:   dshaligram_water_room_temple
Lair:1:   layout_hall_layers, gammafunk_ghost_split, minivault_19
Lair:2:   layout_regular_city, nicolae_spider_entry_orb_guardian,
          portal_ice_cave_entry_pillars_2, nicolae_lair_run_with_the_wolves

Skill      XL: |  1  2  3  4  5  6  7  8  9 10 11 12 |
---------------+-------------------------------------+-----
Stealth        | 2 3 4 5 |  5.0
Fighting       | 2 3 4 5 6 7 |  7.0
Spellcasting   | 3 4 5 6 7 |  7.0
Fire Magic     | 4 5 7 8 |  8.0
Conjurations   | 1 2 3 5 6 7 9 |  9.0
Evocations     | 2 4 5 |  5.0
Translocations | 2 3 4 |  4.0
Dodging        | 2 3 4 5 6 |  6.0
Shields        | 3 7 8 |  8.0
Staves         | 2 3 |  3.4
Polearms       | |  3.0

Action                     |  1- 3 |  4- 6 |  7- 9 | 10-12 || total
---------------------------+-------+-------+-------+-------++-------
  Melee: Spear             |     6 |    33 |     3 |       ||    42
         Tentacles         |     3 |     2 |     4 |     1 ||    10
         Constrict         |     1 |     3 |     4 |     2 ||    10
         Dagger            |       |       |     5 |       ||     5
         War axe           |       |       |       |     7 ||     7
         Staff             |       |       |       |     4 ||     4
   Cast: Foxfire           |    49 |   101 |   211 |   240 ||   601
         Scorch            |       |    11 |    79 |   137 ||   227
         Volatile Blastmot |       |       |       |    36 ||    36
         Flame Wave        |       |       |       |    16 ||    16
         Stone Arrow       |       |       |       |     6 ||     6
         Fireball          |       |       |       |     8 ||     8
  Evoke: Wand              |       |       |       |     2 ||     2
    Use: Potion            |       |     1 |       |     1 ||     2
         Scroll            |       |       |       |    17 ||    17
   Stab: Sleeping          |       |     1 |       |       ||     1
 Armour: Skin              |     2 |    39 |    19 |    80 ||   140
  Dodge: Dodged            |     1 |    28 |    37 |    63 ||   129
  Block: Kite shield       |       |       |       |    43 ||    43
   Form: Beast             |       |       |     1 |       ||     1
                           |       |       |       |     1 ||     1

Table legend: (Time is in decaauts)
 A = Elapsed time spent in this place.
 B = Non-inter-level travel time spent in this place.
 C = Inter-level travel time spent in this place.
 D = Time resting spent in this place.
 E = Time spent auto-exploring this place.
 F = Levels seen in this place.
 G = Mean time per level.
                   A        B        C        D        E       F      G
               +--------+--------+--------+--------+--------+-----+--------+
         Total |  12425 |  11348 |   1077 |    700 |   7599 |  15 |  828.3 |
       Dungeon |  10004 |   8945 |   1059 |    316 |   6726 |  10 | 1000.4 |
        Temple |      3 |      1 |      2 |      0 |      0 |   1 |    3.0 |
          Lair |   1032 |   1017 |     15 |      0 |    720 |   2 |  516.0 |
        Bailey |    385 |    385 |      0 |      0 |     90 |   1 |  385.0 |
      Ice Cave |    999 |    999 |      0 |    384 |     63 |   1 |  999.0 |
               +--------+--------+--------+--------+--------+-----+--------+

Top non-repeatable levels by time:
     D:8: 1484 daAuts
     D:7: 1233 daAuts
     D:3: 1166 daAuts
     D:5: 1047 daAuts
     D:9: 1034 daAuts
   IceCv: 999 daAuts
     D:6: 989 daAuts
     D:1: 984 daAuts
  Lair:1: 904 daAuts
     D:4: 800 daAuts
     D:2: 707 daAuts
    D:10: 555 daAuts
  Bailey: 385 daAuts
  Lair:2: 128 daAuts
  Temple: 3 daAuts
